NWL
LOS ANGELES A (SS-A) ANGELS @ BOISE HAWKS
07/21/2099
 
TOP OF THE 1ST
Los Angeles A (SS-A) Angels batting - Pitching for Boise Hawks : RHP Pat Newman
Pitching: RHP Pat Newman
Batting: RHB Chris Kuhn 0-0: SINGLE (Flyball, 8RS, EV 90.0 MPH)
Batting: LHB Russ Trahan 0-0: Ball
1-0: Called Strike
1-1: Ball
2-1: Swinging Strike
2-2: Strikes out looking
Batting: RHB Scott Havens 0-0: Ball
1-0: Fly out, F9 (Flyball, 9S, EV 88.1 MPH)
Batting: LHB Cory Murray 0-0: Called Strike
0-1: Called Strike
0-2: Strikes out looking
Top of the 1st over - 0 runs, 1 hit, 0 errors, 1 left on base; Los Angeles A (SS-A) 0 - Boise 0
BOTTOM OF THE 1ST
Boise Hawks batting - Pitching for Los Angeles A (SS-A) Angels : LHP Ernie Posey
Pitching: LHP Ernie Posey
Batting: RHB Jaime Lopez 0-0: Ball
1-0: Called Strike
1-1: Foul Ball, location: 5F
1-2: Ground out 6-3 (Groundball, 6S, EV 86.3 MPH)
Batting: RHB Gilberto Bonilla 0-0: Foul Ball, location: 2RF
0-1: Ball
1-1: Ball
2-1: Swinging Strike
2-2: Ball
3-2: SOLO HOME RUN (Flyball, 89XD, EV 104.4 MPH), Distance : 401 ft
Batting: RHB John McCall 0-0: Ball
1-0: Fly out, F7 (Line Drive, 7LM, EV 104.4 MPH)
Batting: LHB Marco Diaz 0-0: Swinging Strike
0-1: Ball
1-1: Foul Ball, location: 2F
1-2: Foul Ball, location: 25F
1-2: Ball
2-2: Strikes out swinging
Bottom of the 1st over - 1 run, 1 hit, 0 errors, 0 left on base; Los Angeles A (SS-A) 0 - Boise 1
TOP OF THE 2ND
Los Angeles A (SS-A) Angels batting - Pitching for Boise Hawks : RHP Pat Newman
Batting: RHB Ken Bahr 0-0: Ball
1-0: Foul Ball, location: 5DF
1-1: Swinging Strike
1-2: Strikes out swinging
Batting: RHB Steve Scanlon 0-0: Ball
1-0: Swinging Strike
1-1: Foul Ball, location: 25FF
1-2: Ball
2-2: Ball
3-2: Strikes out swinging, 2-3 out at first.
Batting: RHB Armando Gonzalez 0-0: Ball
1-0: Called Strike
1-1: Called Strike
1-2: Ball
2-2: Foul Ball, location: 2RF
2-2: Strikes out looking
Top of the 2nd over - 0 runs, 0 hits, 0 errors, 0 left on base; Los Angeles A (SS-A) 0 - Boise 1
BOTTOM OF THE 2ND
Boise Hawks batting - Pitching for Los Angeles A (SS-A) Angels : LHP Ernie Posey
Batting: RHB Chad Nito 0-0: Ground out 5-3 (Groundball, 56S, EV 68.1 MPH)
Batting: RHB Alejandro Mira 0-0: Swinging Strike
0-1: Foul Ball, location: 3FF
0-2: Ball
1-2: Fly out, F3 (Popup, 3F, EV 57.5 MPH)
Batting: RHB Brad Cooper 0-0: Ball
1-0: Called Strike
1-1: Foul Ball, location: 2F
1-2: Foul Ball, location: 5F
1-2: Foul Ball, location: 9LMF
1-2: Foul Ball, location: 5FF
1-2: Ball
2-2: Ball
3-2: Foul Ball, location: 5F
3-2: Foul Ball, location: 9LMF
3-2: SINGLE (Groundball, 15S, EV 66.9 MPH) (infield hit)
Batting: RHB Cesar Toledo 0-0: Fly out, F8 (Line Drive, 8RM, EV 86.9 MPH)
Bottom of the 2nd over - 0 runs, 1 hit, 0 errors, 1 left on base; Los Angeles A (SS-A) 0 - Boise 1
TOP OF THE 3RD
Los Angeles A (SS-A) Angels batting - Pitching for Boise Hawks : RHP Pat Newman
Batting: RHB Damian Terrazas 0-0: Ball
1-0: Ball
2-0: Swinging Strike
2-1: Ball
3-1: Base on Balls
Batting: SHB Pat Watson 0-0: Bunt missed!
0-1: Bunted foul
0-2: Foul Ball, location: 2F
0-2: Ball
1-2: Grounds into double play, 4-6-3 (Groundball, 4M, EV 108.1 MPH)
Batting: RHB Chris Kuhn 0-0: Ball
1-0: Foul Ball, location: 3F
1-1: Fly out, F8 (Flyball, 78M, EV 91.3 MPH)
Top of the 3rd over - 0 runs, 0 hits, 0 errors, 0 left on base; Los Angeles A (SS-A) 0 - Boise 1
BOTTOM OF THE 3RD
Boise Hawks batting - Pitching for Los Angeles A (SS-A) Angels : LHP Ernie Posey
Batting: RHB Leo Lundberg 0-0: SINGLE (Line Drive, 56, EV 99.4 MPH)
Batting: RHB Jaime Lopez 0-0: Bunted foul
0-1: Sac Bunt to 13 - play at second, runner OUT! 1-6
Batting: RHB Gilberto Bonilla 0-0: Ball
1-0: Ball
2-0: Swinging Strike
2-1: Foul Ball, location: 23FF
2-2: Fielders Choice at 2nd, 2-4 (Groundball, 15S, EV 66.9 MPH)
Batting: RHB John McCall 0-0: Fielders Choice at 2nd, 6-4 (Groundball, 6, EV 82.5 MPH)
Bottom of the 3rd over - 0 runs, 1 hit, 0 errors, 1 left on base; Los Angeles A (SS-A) 0 - Boise 1
TOP OF THE 4TH
Los Angeles A (SS-A) Angels batting - Pitching for Boise Hawks : RHP Pat Newman
Batting: LHB Russ Trahan 0-0: Swinging Strike
0-1: SINGLE (Flyball, 8RM, EV 97.5 MPH)
Batting: RHB Scott Havens 0-0: Called Strike
Russ Trahan steals 2nd base
0-1: 2-RUN HOME RUN (Flyball, 78XD, EV 103.8 MPH), Distance : 393 ft
Batting: LHB Cory Murray 0-0: Swinging Strike
0-1: Ball
1-1: Foul Ball, location: 5DF
1-2: Ball
2-2: Strikes out looking
Batting: RHB Ken Bahr 0-0: Ball
1-0: Called Strike
1-1: Swinging Strike
1-2: Ball
2-2: Foul Ball, location: 5F
2-2: Foul Ball, location: 5FF
2-2: Foul Ball, location: 3SF
2-2: Foul Ball, location: 2F
2-2: Foul Ball, location: 2F
2-2: Foul Ball, location: 5F
2-2: Strikes out swinging
Batting: RHB Steve Scanlon 0-0: Called Strike
0-1: Foul Ball, location: 2F
0-2: Ball
1-2: SINGLE (Line Drive, 8RS, EV 106.3 MPH)
Batting: RHB Armando Gonzalez 0-0: Fielders Choice at 2nd, 5-4 (Groundball, 56, EV 101.3 MPH)
Top of the 4th over - 2 runs, 3 hits, 0 errors, 1 left on base; Los Angeles A (SS-A) 2 - Boise 1
BOTTOM OF THE 4TH
Boise Hawks batting - Pitching for Los Angeles A (SS-A) Angels : LHP Ernie Posey
Batting: LHB Marco Diaz 0-0: Ball
1-0: Fly out, F9 (Flyball, 9, EV 89.4 MPH)
Batting: RHB Chad Nito 0-0: Ball
1-0: Called Strike
1-1: Foul Ball, location: 2F
1-2: Ball
2-2: Foul Ball, location: 25FF
2-2: Ball
3-2: Foul Ball, location: 9LDF
3-2: Foul Ball, location: 2F
3-2: Strikes out looking
Batting: RHB Alejandro Mira 0-0: Ball
1-0: Called Strike
1-1: Ball
2-1: Foul Ball, location: 9LSF
2-2: Ground out 4-3 (Groundball, 34, EV 100.0 MPH)
Bottom of the 4th over - 0 runs, 0 hits, 0 errors, 0 left on base; Los Angeles A (SS-A) 2 - Boise 1
TOP OF THE 5TH
Los Angeles A (SS-A) Angels batting - Pitching for Boise Hawks : RHP Pat Newman
Batting: RHB Damian Terrazas 0-0: Called Strike
0-1: Called Strike
0-2: Ground out 6-3 (Groundball, 6, EV 91.3 MPH)
Batting: SHB Pat Watson 0-0: Called Strike
0-1: Ball
1-1: Called Strike
1-2: Ball
2-2: Strikes out swinging
Batting: RHB Chris Kuhn 0-0: Swinging Strike
0-1: Ball
1-1: Ball
2-1: Fly out, F4 (Popup, 4MD, EV 47.5 MPH)
Top of the 5th over - 0 runs, 0 hits, 0 errors, 0 left on base; Los Angeles A (SS-A) 2 - Boise 1
BOTTOM OF THE 5TH
Boise Hawks batting - Pitching for Los Angeles A (SS-A) Angels : LHP Ernie Posey
Batting: RHB Brad Cooper 0-0: Called Strike
0-1: Ball
1-1: Fly out, F8 (Line Drive, 8LD, EV 93.8 MPH)
Batting: RHB Cesar Toledo 0-0: Foul Ball, location: 9LSF
0-1: Ball
1-1: Called Strike
1-2: Ball
2-2: Ball
3-2: Strikes out swinging
Batting: RHB Leo Lundberg 0-0: Ball
1-0: Ball
2-0: Foul Ball, location: 9LMF
2-1: Ball
3-1: Ground out 6-3 (Groundball, 6, EV 104.4 MPH)
Bottom of the 5th over - 0 runs, 0 hits, 0 errors, 0 left on base; Los Angeles A (SS-A) 2 - Boise 1
TOP OF THE 6TH
Los Angeles A (SS-A) Angels batting - Pitching for Boise Hawks : RHP Pat Newman
Batting: LHB Russ Trahan 0-0: Ball
1-0: Foul Ball, location: 2F
1-1: Called Strike
1-2: Strikes out swinging
Batting: RHB Scott Havens 0-0: Ball
1-0: Foul Ball, location: 9LDF
1-1: Ball
2-1: Swinging Strike
2-2: SINGLE (Line Drive, 6M, EV 103.8 MPH)
Pitching: RHP Phil Walton
Batting: LHB Cory Murray 0-0: Called Strike
0-1: Foul Ball, location: 2F
0-2: Ball
1-2: Ball
2-2: Ball
3-2: Foul Ball, location: 2F
3-2: Strikes out swinging
Batting: RHB Ken Bahr 0-0: Foul Ball, location: 2F
0-1: Ball
1-1: Swinging Strike
1-2: Strikes out swinging
Top of the 6th over - 0 runs, 1 hit, 0 errors, 1 left on base; Los Angeles A (SS-A) 2 - Boise 1
BOTTOM OF THE 6TH
Boise Hawks batting - Pitching for Los Angeles A (SS-A) Angels : LHP Ernie Posey
Batting: RHB Jaime Lopez 0-0: Foul Ball, location: 2F
0-1: Ball
1-1: Ground out 6-3 (Groundball, 6M, EV 87.5 MPH)
Batting: RHB Gilberto Bonilla 0-0: Ball
1-0: Foul Ball, location: 2F
1-1: Swinging Strike
1-2: Strikes out swinging
Batting: RHB John McCall 0-0: Called Strike
0-1: Ball
1-1: Foul Ball, location: 5SF
1-2: Foul Ball, location: 9LDF
1-2: Ground out U3 (Groundball, 3, EV 92.5 MPH)
Bottom of the 6th over - 0 runs, 0 hits, 0 errors, 0 left on base; Los Angeles A (SS-A) 2 - Boise 1
TOP OF THE 7TH
Los Angeles A (SS-A) Angels batting - Pitching for Boise Hawks : RHP Phil Walton
Batting: RHB Steve Scanlon 0-0: Ground out 5-3 (Groundball, 56S, EV 88.1 MPH)
Batting: RHB Armando Gonzalez 0-0: Ball
1-0: DOUBLE (Groundball, 3L, EV 105.6 MPH)
Pinch Runner at 2nd Dean Neufeld:
Batting: RHB Damian Terrazas 0-0: Intentional Walk
Batting: SHB Pat Watson 0-0: Grounds into double play, 4-6-3 (Groundball, 4M, EV 105.0 MPH)
Top of the 7th over - 0 runs, 1 hit, 0 errors, 1 left on base; Los Angeles A (SS-A) 2 - Boise 1
BOTTOM OF THE 7TH
Boise Hawks batting - Pitching for Los Angeles A (SS-A) Angels : LHP Ernie Posey
Pitching: LHP Byron Hadley
Now in CF: Jarod Heckman
Now in RF: Cory Murray
Pinch Hitting: RHB Matt Grindy 0-0: Called Strike
0-1: Ball
1-1: Foul Ball, location: 3F
1-2: Ball
2-2: Foul Ball, location: 3F
2-2: Ball
3-2: SINGLE (Groundball, 6MD, EV 98.8 MPH)
Batting: RHB Chad Nito 0-0: Ball
1-0: Swinging Strike
1-1: Foul Ball, location: 9LDF
1-2: Strikes out swinging
Batting: RHB Alejandro Mira 0-0: Ball
1-0: Ball
2-0: Ball
3-0: Base on Balls
Matt Grindy to second
Batting: RHB Brad Cooper 0-0: Called Strike
0-1: Swinging Strike
0-2: Fly out, F8 (Line Drive, 89M, EV 91.3 MPH)
Batting: RHB Cesar Toledo 0-0: Ball
1-0: Fielders Choice at 2nd, 5-4 (Groundball, 56, EV 94.4 MPH)
Bottom of the 7th over - 0 runs, 1 hit, 0 errors, 2 left on base; Los Angeles A (SS-A) 2 - Boise 1
TOP OF THE 8TH
Los Angeles A (SS-A) Angels batting - Pitching for Boise Hawks : RHP Phil Walton
Now in LF: Zacarias Morales
Now in RF: Alejandro Mira
Batting: RHB Chris Kuhn 0-0: Called Strike
0-1: Foul Ball, location: 9LMF
0-2: Ground out 4-3 (Groundball, 4D, EV 104.4 MPH)
Batting: LHB Russ Trahan 0-0: Foul Ball, location: 7LDF
0-1: Ball
1-1: Foul Ball, location: 2LF
1-2: Foul Ball, location: 2F
1-2: Ball
2-2: Ball
3-2: Base on Balls
Batting: RHB Scott Havens 0-0: SINGLE (Line Drive, 3D, EV 95.0 MPH)
Russ Trahan to second
Runner from 2nd tries for 3rd, SAFE, throw by RF made to third
Batting: LHB Cory Murray 0-0: Ball
1-0: Swinging Strike
1-1: Swinging Strike
1-2: Foul Ball, location: 5DF
1-2: Ball
2-2: Ball
3-2: Strikes out swinging
Batting: RHB Ken Bahr 0-0: Ball
1-0: Called Strike
1-1: Called Strike
1-2: Strikes out swinging
Top of the 8th over - 0 runs, 1 hit, 0 errors, 2 left on base; Los Angeles A (SS-A) 2 - Boise 1
BOTTOM OF THE 8TH
Boise Hawks batting - Pitching for Los Angeles A (SS-A) Angels : LHP Byron Hadley
Batting: RHB Leo Lundberg 0-0: Called Strike
0-1: Ball
1-1: Ball
2-1: Ball
3-1: Called Strike
3-2: Strikes out swinging
Batting: RHB Jaime Lopez 0-0: Called Strike
0-1: Ball
1-1: SINGLE (Groundball, 6M, EV 98.1 MPH) (infield hit)
Batting: RHB Gilberto Bonilla 0-0: Called Strike
0-1: Called Strike
0-2: Foul Ball, location: 5DF
0-2: Ball
1-2: Foul Ball, location: 2F
1-2: Strikes out swinging
Batting: RHB John McCall 0-0: Fly out, F7 (Flyball, 78M, EV 86.3 MPH)
Bottom of the 8th over - 0 runs, 1 hit, 0 errors, 1 left on base; Los Angeles A (SS-A) 2 - Boise 1
TOP OF THE 9TH
Los Angeles A (SS-A) Angels batting - Pitching for Boise Hawks : RHP Phil Walton
Pitching: RHP Jim Baker
Batting: RHB Steve Scanlon 0-0: Ball
1-0: Ball
2-0: Called Strike
2-1: Fly out, F7 (Line Drive, 78M, EV 88.8 MPH)
Batting: SHB Jarod Heckman 0-0: Fly out, F3 (Popup, 23F, EV 80.0 MPH)
Batting: RHB Damian Terrazas 0-0: SOLO HOME RUN (Flyball, 7D, EV 93.1 MPH), Distance : 361 ft
Batting: SHB Pat Watson 0-0: Called Strike
0-1: Called Strike
0-2: Strikes out swinging
Top of the 9th over - 1 run, 1 hit, 0 errors, 0 left on base; Los Angeles A (SS-A) 3 - Boise 1
BOTTOM OF THE 9TH
Boise Hawks batting - Pitching for Los Angeles A (SS-A) Angels : LHP Byron Hadley
Pitching: RHP Josh Clarkson
Pinch Hitting: RHB Matt Noblin 0-0: Called Strike
0-1: Ball
1-1: Ball
2-1: Ball
3-1: Base on Balls
Batting: RHB Chad Nito 0-0: Fly out, F6 (Popup, 6M, EV 53.8 MPH)
Batting: RHB Alejandro Mira 0-0: Ball
1-0: Ball
2-0: Foul Ball, location: 2F
2-1: SINGLE (Groundball, 34D, EV 98.1 MPH)
Matt Noblin to second
Batting: RHB Brad Cooper 0-0: Ball
1-0: Called Strike
1-1: Foul Ball, location: 2F
1-2: Fly out, F9 (Flyball, 89M, EV 86.3 MPH)
Pinch Hitting: SHB Jorge Macias 0-0: Ball
1-0: Ball
2-0: SINGLE (Groundball, 15S, EV 68.1 MPH) (infield hit)
Matt Noblin to third
Alejandro Mira to second
Pinch Hitting: LHB Mason Zeigler 0-0: Ball
1-0: Ball
2-0: Ball
3-0: Base on Balls
Matt Noblin scores
Alejandro Mira to third
Jorge Macias to second
Batting: RHB Jaime Lopez 0-0: Called Strike
0-1: Ball
1-1: Foul Ball, location: 9LMF
1-2: Strikes out looking
Bottom of the 9th over - 1 run, 2 hits, 0 errors, 3 left on base; Los Angeles A (SS-A) 3 - Boise 2
Sunday, May 12th , 2024 - OOTP Baseball 24.11 Build 85